 Dungeon Crawl Stone Soup version 0.23.2-1-ga50397a6bc (webtiles) character file.

Game seed: 9795500306217715050

16158 Gumption the Arsonist (level 12, 0/97 HPs)
             Began as a Black Draconian Fire Elementalist on May 31, 2019.
             Was a Priest of Sif Muna.
             Slain by a polar bear (10 damage)
             ... in an ice cave.
             The game lasted 02:51:24 (20949 turns).

Gumption the Arsonist (DrFE)                       Turns: 20949, Time: 02:51:25

Health: 0/97       AC: 12    Str: 12    XL:     12   Next: 7%
Magic:  23/30      EV: 14    Int: 20    God:    Sif Muna [***...]
Gold:   456        SH: 11    Dex: 11    Spells: 7/24 levels left

rFire    x . .     SeeInvis .   a - +1 dagger (venom)
rCold    + + .     Gourm    .   R - +0 buckler
rNeg     . . .     Faith    .   (armour unavailable)
rPois    .         Spirit   .   (helmet restricted)
rElec    +         Reflect  +   t - +0 cloak
rCorr    .         Harm     .   H - +1 pair of gloves
MR       .....                  y - +0 pair of boots
Stlth    ++++......             W - +6 amulet of reflection
HPRegen  0.26/turn              r - ring of Summer {rC+ MP+9 Slay+2 Stlth+}
MPRegen  0.22/turn              I - ring of ice

@: divine energy
A: breathe lightning, unfitting armour, electricity resistance, cold-blooded, AC
+8
a: Breathe Lightning, Stop Divine Energy, Channel Magic, Renounce Religion


You were in an ice cave.
You worshipped Sif Muna.
Sif Muna was most pleased with you.
You were hungry.

You visited 3 branches of the dungeon, and saw 15 of its levels.
You also visited: Sewer, Bailey and Ice Cave.

You collected 1041 gold pieces.
You spent 585 gold pieces at shops.

Inventory:

Hand Weapons
 a - a +1 dagger of venom (weapon)
 b - a +0 hunting sling
 w - the +1 hand axe of the Absolute Madman {holy, +Fly Str+2 Stlth+}
   (You found it on level 4 of the Dungeon)

   It has been blessed by the Shining One to cause great damage to the undead
   and demons.
   It affects your strength (+2).
   It lets you fly.
   It makes you more stealthy.
 z - a +0 trident
Missiles
 E - 55 sling bullets
 O - 5 throwing nets
 Q - 18 tomahawks
 X - 6 silver javelins (quivered)
Armour
 f - a +0 shield
 t - a +0 cloak (worn)
 y - a +0 pair of boots (worn)
 H - a +1 pair of gloves (worn)
 R - a +0 buckler (worn)
Jewellery
 j - an uncursed amulet of the gourmand {unknown}
 o - a +5 ring of evasion
 p - an uncursed ring of poison resistance
 r - the ring of Summer (left hand) {rC+ MP+9 Slay+2 Stlth+}
   (You took it off an orc on level 4 of the Dungeon)

   [ring of stealth]

   It affects your accuracy and damage with ranged weapons and melee attacks
   (+2).
   It protects you from cold.
   It affects your magic capacity (+9).
   It makes you more stealthy.
 v - an uncursed ring of resist corrosion
 I - a ring of ice (right hand)
 L - an uncursed amulet of faith {unknown}
 W - a +6 amulet of reflection (around neck)
Wands
 u - a wand of iceblast (6)
 N - a wand of clouds (3)
 S - a wand of random effects (7)
 V - a wand of acid (6)
 Y - a wand of paralysis (16)
Scrolls
 c - 8 scrolls of remove curse
 d - 10 scrolls of teleportation
 i - 2 scrolls of fear
 k - a scroll of magic mapping
 n - a scroll of silence {unknown}
 s - a scroll of enchant armour
 C - 12 scrolls of identify
 D - a scroll of immolation
 G - 2 scrolls of enchant weapon {unknown}
 P - 3 scrolls of blinking
 T - a scroll of holy word {unknown}
 Z - a scroll of fog {unknown}
Potions
 g - 5 potions of agility
 h - 2 potions of haste
 l - 5 potions of flight
 m - 5 potions of curing
 q - 2 potions of magic
 x - 5 potions of lignification
 A - 2 potions of heal wounds
 B - a potion of might
 F - 2 potions of brilliance
 J - a potion of berserk rage
 M - a potion of mutation
 U - 2 potions of resistance {unknown}
Comestibles
 e - 21 rations
 K - 13 chunks of flesh


   Skills:
 + Level 6.3 Fighting
 + Level 5.7 Dodging
 - Level 6.0 Stealth
 * Level 6.1 Shields
 + Level 6.6 Spellcasting
 + Level 7.9 Conjurations
 + Level 6.4 Summonings
 + Level 8.5 Fire Magic
 + Level 7.6 Air Magic


You had 7 spell levels left.
You knew the following spells:

 Your Spells              Type           Power        Failure   Level  Hunger
a - Flame Tongue          Conj/Fire      #####        1%          1    None
b - Summon Lightning Spi  Summ/Air       ####....     5%          4    ###....
c - Conjure Flame         Conj/Fire      #####...     1%          3    #......
d - Fireball              Conj/Fire      #####.....   10%         5    #####..
s - Sticky Flame          Conj/Fire      #####...     3%          4    ###....

Your spell library contained the following spells:

 Spells                   Type           Power        Failure   Level  Hunger
 Shock                    Conj/Air       ####         1%          1    None
 Sting                    Conj/Pois      ###.         1%          1    None
 Summon Small Mammal      Summ           ####         1%          1    None
 Call Imp                 Summ           ####....     1%          2    None
 Throw Flame              Conj/Fire      #####.       1%          2    None
 Call Canine Familiar     Summ           ####....     1%          3    #......
 Static Discharge         Conj/Air       #####...     1%          3    #......
 Poisonous Vapours        Pois/Air       ###...       3%          2    None
 Swiftness                Chrm/Air       ###.....     3%          2    None
 Mephitic Cloud           Conj/Pois/Air  ####....     3%          3    #......
 Airstrike                Air            #####.....   4%          4    ###....
 Inner Flame              Hex/Fire       ###.....     5%          3    #......
 Summon Guardian Golem    Hex/Summ       ###.....     8%          3    #......
 Animate Skeleton         Necr           N/A          10%         1    None
 Apportation              Tloc           #.....       10%         1    None
 Beastly Appendage        Tmut           #.....       10%         1    None
 Confusing Touch          Hex            #.....       10%         1    None
 Lightning Bolt           Conj/Air       #####.....   11%         5    #####..
 Sticks to Snakes         Tmut           #.......     16%         2    None
 Summon Ice Beast         Ice/Summ       ####....     26%         4    ###....
 Spider Form              Tmut/Pois      #.........   30%         3    #......
 Venom Bolt               Conj/Pois      ###.......   47%         5    #####..
 Ice Form                 Ice/Tmut       #.......     69%         4    ###....
 Olgreb's Toxic Radiance  Pois           #.......     69%         4    ###....
 Blade Hands              Tmut           #.........   95%         5    #####..


Dungeon Overview and Level Annotations

Branches:
Dungeon (11/15)            Temple (1/1) D:7            Lair (3/6) D:8
 Spider (0/4) Lair:3          Orc (0/2) D:10
  Swamp: Lair:2-4    Shoals: Lair:2-4

Altars:
Ashenzari
Cheibriados
Dithmenos
Elyvilon
Fedhas
Gozag
Hepliaklqana
Kikubaaqudgha
Makhleb
Nemelex Xobeh
Okawaru
Qazlal
Ru
Sif Muna
Trog
Uskayaw
Vehumet
Wu Jian
Xom
Yredelemnul
Zin
The Shining One

Shops:
D:6 =   D:8 :   D:9 [   D:10 [

Annotations:
Lair:3 3 runed translucent doors


Innate Abilities, Weirdness & Mutations

You can breathe wild blasts of lightning.
Your glossy black scales are hard. (AC +8)
You cannot fit into any form of body armour.
You are resistant to electric shocks. (rElec)
You are cold-blooded and may be slowed by cold attacks.


Message History

You block the wolf's attack. The polar bear bites you.
* * * LOW HITPOINT WARNING * * *
The polar bear closely misses you.
The polar bear claws you but does no damage.
The polar bear barely misses you. You block the polar bear's attack.
The polar bear claws you but does no damage.
The polar bear barely misses you. x2; The polar bear closely misses you.
The polar bear bites you.
* * * LOW HITPOINT WARNING * * *
The polar bear claws you but does no damage. x2
You block the wolf's attack.
You hit the polar bear but do no damage.
The polar bear looks even sicker.
The polar bear is severely wounded.
The polar bear burns!
You block the wolf's attack. The polar bear barely misses you.
You block the polar bear's attack.
The polar bear misses you. x2; The polar bear barely misses you.
The polar bear claws you but does no damage.
The polar bear bites you!
You die...

##...##
##...#
##...#
#...##
##...##
##.....##
#..÷∩...#
#..÷.hhh#
##..∩h@##
##..h##
#####


You could see 4 polar bears and a wolf.

Vanquished Creatures
  A two-headed ogre (D:10)
  A manticore (D:11)
  6 gargoyles
  A black mamba (Lair:3)
  2 spiny frogs
  A komodo dragon (Lair:2)
  A hornet (D:11)
  A polar bear (IceCv)
  2 hippogriffs (D:8)
  Sigmund (D:4)
  A wyvern (D:8)
  3 yaks
  4 hogs (D:8)
  A human (D:8)
  A water moccasin (Lair:2)
  Purgy (Sewer)
  3 ice beasts
  A black bear (D:8)
  9 orc warriors
  A necrophage (D:9)
  5 wolves
  5 centaurs
  5 ogres
  2 crocodiles
  8 bullfrogs
  A wyvern zombie (D:8)
  7 scorpions
  3 wights (D:8)
  3 howler monkeys
  2 electric eels (D:10)
  2 crimson imps
  4 bullfrog zombies
  4 centaur zombies
  5 hounds
  3 jellies
  Crazy Yiuf (D:3)
  3 centaur skeletons
  8 orc priests
  A bullfrog skeleton (D:5)
  10 orc wizards
  Jessica (D:3)
  An iguana (D:9)
  Natasha (thrice) (D:2)
  9 worker ants
  2 hound skeletons
  Robin (D:3)
  A worker ant zombie (D:5)
  14 adders
  11 gnolls
  3 shadow imps
  An adder skeleton (D:8)
  2 worms
  2 dart slugs (D:2)
  7 leopard geckos
  66 orcs
  3 ball pythons
  9 giant cockroaches
  16 goblins
  8 hobgoblins
  3 jackals (D:1)
  7 quokkas
  5 bats
  9 frilled lizards
  10 kobolds
  A leopard gecko skeleton (D:8)
  A leopard gecko zombie (D:8)
  2 quokka zombies
  10 rats
332 creatures vanquished.

Vanquished Creatures (collateral kills)
  Harold (Lair:2)
  A hydra (Lair:2)
  3 orc knights (Bailey)
  A cyclops (D:11)
  A black mamba (Lair:3)
  2 komodo dragons
  2 ice devils (Lair:3)
  A hippogriff (D:10)
  9 yaks
  A wraith (D:11)
  6 water moccasins
  A porcupine (Lair:2)
  7 orc warriors
  5 wolves
  4 crocodiles
  A big kobold (D:11)
  A bullfrog (Lair:2)
  6 howler monkeys
  A crimson imp (D:10)
  4 orc priests
  2 hounds
  2 orc wizards
  3 gnolls (D:11)
  20 orcs
  2 kobolds (D:11)
87 creatures vanquished.

Vanquished Creatures (others)
  An orc (D:10)
1 creature vanquished.

Grand Total: 420 creatures vanquished

Notes
Turn   | Place    | Note
-------+----------+-------------------------------------------
     0 | D:1      | Gumption the Draconian Fire Elementalist began the quest
                  | for the Orb.
     0 | D:1      | Reached XP level 1. HP: 14/14 MP: 3/3
   838 | D:1      | Reached XP level 2. HP: 9/20 MP: 0/5
  1725 | D:2      | Reached XP level 3. HP: 26/26 MP: 3/6
  1780 | D:2      | Learned a level 3 spell: Conjure Flame
  2055 | D:2      | Found a glowing golden altar of the Shining One.
  2066 | D:2      | Noticed Natasha
  2143 | D:2      | Killed Natasha
  2143 | D:2      | Reached XP level 4. HP: 19/33 MP: 3/7
  2149 | D:2      | Learned a level 4 spell: Sticky Flame
  2149 | D:2      | Noticed Natasha
  2157 | D:2      | Killed Natasha
  2157 | D:2      | Reached skill level 4 in Fire Magic
  2352 | D:2      | Noticed Natasha
  2360 | D:2      | Killed Natasha
  2588 | D:2      | Found a sparkling altar of Nemelex Xobeh.
  2721 | D:3      | Found a glowing drain.
  2740 | D:3      | Reached XP level 5. HP: 38/38 MP: 7/9
  2788 | Sewer    | Entered a sewer
  2903 | Sewer    | Noticed Purgy
  2931 | Sewer    | Killed Purgy
  3314 | D:3      | Reached XP level 6. HP: 45/45 MP: 6/10
  3370 | D:3      | Noticed Jessica
  3377 | D:3      | Killed Jessica
  3396 | D:3      | Found a bloodstained altar of Trog.
  3845 | D:3      | Reached skill level 5 in Fire Magic
  4202 | D:3      | Found a runed translucent door.
  4203 | D:3      | Noticed Crazy Yiuf
  4251 | D:3      | Noticed Robin
  4282 | D:3      | Killed Robin
  4792 | D:3      | Killed Crazy Yiuf
  5342 | D:4      | Your scales start taking on a glossy black colour.
  5342 | D:4      | Reached XP level 7. HP: 50/50 MP: 10/12
  5342 | D:4      | Gained mutation: You are resistant to electric shocks.
                  | (rElec) [Black Draconian growth]
  5809 | D:4      | Noticed Sigmund
  5874 | D:4      | Identified the ring of Summer {rC+ MP+9 Slay+2 Stlth+}
  6046 | D:4      | Reached skill level 5 in Conjurations
  6474 | D:4      | Reached skill level 1 in Fighting
  6550 | D:4      | Got a faintly glowing hand axe
  6630 | D:4      | Killed Sigmund
  6630 | D:4      | Reached skill level 1 in Shields
  6630 | D:4      | Reached skill level 6 in Fire Magic
  6696 | D:4      | Reached XP level 8. HP: 43/59 MP: 13/13
  6889 | D:4      | Learned a level 5 spell: Fireball
  7059 | D:4      | Identified the +1 hand axe of the Absolute Madman {holy,
                  | +Fly Str+2 Stlth+} (You found it on level 4 of the Dungeon)
  7082 | D:5      | Entered Level 5 of the Dungeon
  8530 | D:6      | Reached skill level 7 in Fire Magic
  8572 | D:6      | Reached XP level 9. HP: 30/68 MP: 10/15
  8889 | D:6      | Found Hulorchuh's Jewellery Shoppe.
  9843 | D:7      | Found a sacrificial altar of Ru.
 10003 | D:7      | Found a staircase to the Ecumenical Temple.
 10018 | Temple   | Entered the Ecumenical Temple
 10111 | D:7      | Found a stormy altar of Qazlal.
 10532 | D:8      | Found a shadowy altar of Dithmenos.
 10544 | D:8      | Reached skill level 5 in Spellcasting
 10631 | D:8      | Found a staircase to the Lair.
 10663 | D:8      | Found Leudgh's Book Boutique.
 10685 | D:8      | Learned a level 4 spell: Summon Lightning Spire
 10708 | D:8      | Reached skill level 1 in Air Magic
 10872 | D:8      | Reached skill level 1 in Summonings
 11192 | D:8      | Reached XP level 10. HP: 38/78 MP: 13/17
 11214 | D:8      | Found a white marble altar of Elyvilon.
 11431 | D:8      | Noticed a gargoyle
 11447 | D:8      | Killed a gargoyle
 11719 | D:8      | Noticed a gargoyle
 11725 | D:8      | Killed a gargoyle
 12019 | D:8      | Noticed a gargoyle
 12032 | D:8      | HP: 3/80 [gargoyle/stone arrow (18)]
 12033 | D:8      | Killed a gargoyle
 12374 | D:8      | Noticed a gargoyle
 12379 | D:8      | Killed a gargoyle
 12571 | D:8      | Noticed a gargoyle
 12577 | D:8      | Killed a gargoyle
 12963 | D:8      | Reached skill level 5 in Stealth
 13257 | D:8      | Reached skill level 5 in Fighting
 13257 | D:8      | Reached skill level 5 in Air Magic
 13516 | Temple   | Became a worshipper of Sif Muna the Loreminder
 13580 | D:9      | Found Menwi's Antique Armour Emporium.
 13989 | D:9      | Found an ancient bone altar of Kikubaaqudgha.
 13989 | D:9      | Found a radiant altar of Vehumet.
 14925 | D:10     | Entered Level 10 of the Dungeon
 15094 | D:10     | Found a flagged portal.
 15104 | Bailey   | Entered a bailey
 15111 | Bailey   | Noticed an orc knight
 15117 | Bailey   | Noticed an orc knight
 15145 | Bailey   | Killed an orc knight
 15145 | Bailey   | Reached XP level 11. HP: 65/87 MP: 16/19
 15191 | Bailey   | Killed an orc knight
 15197 | Bailey   | Reached * piety under Sif Muna
 15392 | Bailey   | Noticed an orc knight
 15422 | Bailey   | Killed an orc knight
 15422 | Bailey   | Reached skill level 5 in Dodging
 15685 | D:10     | Noticed a two-headed ogre
 15697 | D:10     | Killed a two-headed ogre
 15697 | D:10     | Reached skill level 5 in Shields
 15697 | D:10     | Reached skill level 5 in Summonings
 15809 | D:10     | Reached skill level 8 in Fire Magic
 16160 | D:10     | Found Biceozxe's Armour Boutique.
 16935 | D:10     | Found a staircase to the Orcish Mines.
 17159 | D:6      | Bought a +6 amulet of reflection for 585 gold pieces
 17280 | D:11     | Reached ** piety under Sif Muna
 18349 | Lair:1   | Entered Level 1 of the Lair of Beasts
 18906 | Lair:1   | Reached *** piety under Sif Muna
 19866 | Lair:2   | Noticed Harold
 19887 | Lair:2   | Killed Harold
 20399 | Lair:2   | Noticed a four-headed hydra
 20407 | Lair:2   | Killed a four-headed hydra
 20507 | Lair:3   | Found a hole to the Spider Nest.
 20587 | Lair:3   | Reached XP level 12. HP: 86/96 MP: 21/21
 20700 | Lair:3   | Found a runed translucent gate.
 20700 | Lair:3   | Found a runed translucent gate.
 20700 | Lair:3   | Found a runed translucent gate.
 20714 | Lair:3   | Found a frozen archway.
 20746 | IceCv    | Entered an ice cave
 20947 | IceCv    | HP: 2/97 [polar bear (17)]
 20949 | IceCv    | Slain by a polar bear

Skill      XL: |  1  2  3  4  5  6  7  8  9 10 11 12 |
---------------+-------------------------------------+-----
Conjurations   | 2 3 4 5 6 7 |  7.9
Fire Magic     | 4 5 6 7 8 |  8.5
Spellcasting   | 3 4 5 6 |  6.6
Dodging        | 2 3 4 5 |  5.7
Stealth        | 2 3 4 5 6 |  6.0
Fighting       | 1 2 4 5 6 |  6.3
Shields        | 1 2 3 4 5 6 |  6.1
Air Magic      | 2 5 7 |  7.6
Summonings     | 2 4 6 |  6.4

Action                   |  1- 3 |  4- 6 |  7- 9 | 10-12 || total
-------------------------+-------+-------+-------+-------++-------
Melee: Dagger            |    23 |    73 |   242 |   285 ||   623
       Tailslap          |       |     3 |    33 |    35 ||    71
       Hand axe          |       |       |    16 |    54 ||    70
 Fire: Hunting sling     |     9 |   139 |   183 |     3 ||   334
Throw: Stone             |     7 |       |       |       ||     7
       Javelin           |       |       |       |     4 ||     4
 Cast: Flame Tongue      |    59 |    47 |    62 |   124 ||   292
       Conjure Flame     |       |     8 |    14 |     2 ||    24
       Sticky Flame      |       |     1 |    31 |    28 ||    60
       Summon Lightning  |       |       |       |    66 ||    66
Invok: Divine Energy     |       |       |       |     1 ||     1
 Abil: Evoke Flight      |       |       |       |     1 ||     1
  Use: Scroll            |       |     6 |    14 |     4 ||    24
       Potion            |       |       |       |     4 ||     4
 Stab: Sleeping          |     4 |     3 |     2 |     8 ||    17
       Distracted        |       |       |       |     3 ||     3
  Eat: Chunk             |     5 |     9 |    19 |    35 ||    68
       Ration            |       |     1 |     1 |     3 ||     5
Armor: Skin              |    24 |    37 |   100 |   122 ||   283
Dodge: Dodged            |    56 |    70 |   202 |   324 ||   652
Block: Buckler           |       |       |       |   144 ||   144
